Map: Ulrena

Players

PafLeChien

  • Race: Zerg Zerg
  • League: Silver

pupu - Winner!

  • Race: Protoss Protoss
  • League: Silver

VOD

Have the link to the VOD?

Description

Time

  • Played on: April 3, 2016, 5:01 a.m.
  • Length: 14:56
Show
View Real Time Build Order
Export as new Build Order

PafLeChien Zerg 

Build Orders: Pool First, Lurkers 

Get SALT Encoding   

  12  0:01  Drone  
  13  0:10  Drone  
  14  0:20  Overlord  
  14  0:35  Spawning Pool  
  14  0:39  Drone  
  14  0:41  Drone  
  15  0:46  Drone  
  16  1:24  Zergling x2  
  16  1:25  Queen, Zergling x4  
  21  1:33  Hatchery  
  21  1:38  Zergling x2  
  21  1:47  Drone  
  21  1:51  Extractor  
  21  2:05  Drone  
  21  2:40  Overlord x2  
  19  3:00  Queen  
  19  3:03  Drone  
  19  3:04  Drone x5  
  27  3:11  Extractor  
  26  3:37  Lair  
  26  3:42  Drone  
  26  3:43  Drone x6  
  33  3:49  Extractor  
  33  3:51  Extractor  
  33  3:53  Spine Crawler  
  33  3:54  Spine Crawler  
  33  3:55  Drone x4  
  33  4:06  Drone x2  
  35  4:14  Spine Crawler  
  34  4:23  Drone x4  
  38  4:30  Zergling x2  
  38  4:31  Zergling x6  
  42  4:43  Spore Crawler  
  41  4:46  Overseer  
  41  4:56  Spore Crawler  
  40  5:05  Spire  
  40  5:06  Drone  
  40  5:07  Drone x4  
  44  5:15  Overlord  
  44  5:17  Overlord  
  44  5:39  Drone x8  
  52  6:04  Overlord x4  
  47  6:28  Mutalisk x7  
  61  6:44  Spore Crawler  
  60  6:59  Queen  
  62  7:03  Mutalisk  
  62  7:04  Mutalisk x5  
  74  7:21  Zerg Flyer Weapons Level 1  
  74  7:32  Mutalisk  
  74  7:33  Mutalisk x5  
  86  8:04  Infestation Pit  
  85  8:08  Hydralisk Den  
  84  8:29  Hatchery  
  83  8:35  Overlord x3  
  83  8:36  Overlord  
  83  8:40  Lurker Den  
  83  8:43  Hive  
  81  9:16  Hydralisk  
  81  9:17  Hydralisk x11  
  105  9:39  Pneumatized Carapace  
  105  9:49  Overlord x2  
  105  9:55  Overseer  
  105  9:57  Overseer  
  105  10:06  Greater Spire  
  105  10:10  Lurker  
  105  10:11  Lurker  
  100  10:42  Lurker x4  
  104  11:21  Corruptor  
  104  11:22  Corruptor x3  
  108  11:42  Lurker  
  108  11:43  Lurker  
  110  11:49  Drone x3  
  113  12:07  Evolution Chamber  
  112  12:09  Evolution Chamber, Muscular Augments  
  111  12:28  Brood Lord x2  
  115  12:31  Queen  
  115  12:33  Drone x3  
  120  12:41  Hatchery  
  119  12:48  Drone  
  120  12:54  Extractor  
  120  12:55  Hatchery  
  120  12:57  Extractor  
  117  13:00  Corruptor x4  
  125  13:26  Drone x3  
  128  13:33  Extractor  
  127  13:44  Drone  
  128  13:52  Corruptor x5  
  128  13:53  Corruptor  
Show
View Real Time Build Order
Export as new Build Order

pupu Protoss - Winner!

Build Orders:  

Get SALT Encoding   

  12  0:01  Probe (Chrono Boost)  
  13  0:11  Probe (Chrono Boost)  
  14  0:19  Pylon  
  14  0:23  Probe (Chrono Boost)  
  15  0:37  Probe (Chrono Boost)  
  15  0:42  Gateway  
  16  0:48  Probe (Chrono Boost)  
  17  0:58  Probe (Chrono Boost)  
  18  1:07  Forge  
  18  1:09  Probe (Chrono Boost)  
  19  1:12  Assimilator  
  19  1:20  Probe (Chrono Boost)  
  19  1:30  Probe (Chrono Boost)  
  20  1:34  Cybernetics Core  
  20  1:41  Pylon  
  20  1:45  Probe (Chrono Boost)  
  20  1:46  Photon Cannon  
  21  1:55  Probe (Chrono Boost)  
  22  2:04  Assimilator  
  22  2:06  Probe (Chrono Boost)  
  23  2:15  Warp Gate (Chrono Boost)  
  23  2:33  Zealot  
  25  2:51  Probe (Chrono Boost)  
  23  3:00  Zealot  
  23  3:01  Probe (Chrono Boost)  
  26  3:11  Probe (Chrono Boost)  
  27  3:23  Probe  
  28  3:27  Adept  
  30  3:35  Probe  
  31  3:44  Stargate  
  31  3:53  Pylon  
  31  4:09  Nexus  
  31  4:11  Mothership Core  
  31  4:13  Protoss Ground Weapons Level 1 (Chrono Boost)  
  33  4:27  Stalker  
  35  4:32  Probe  
  36  4:45  Probe  
  37  4:57  Probe  
  37  4:59  Pylon  
  38  5:09  Probe, Pylon  
  38  5:13  Pylon  
  39  5:17  Oracle  
  42  5:25  Gateway  
  42  5:26  Gateway  
  42  5:30  Gateway  
  42  5:39  Probe, Assimilator  
  42  5:40  Probe  
  44  5:51  Gateway  
  44  5:53  Probe  
  44  5:55  Probe  
  46  6:04  Probe  
  46  6:07  Probe  
  48  6:14  Probe  
  49  6:19  Probe  
  49  6:25  Probe  
  50  6:31  Probe  
  52  6:38  Probe  
  53  6:42  Stalker  
  53  6:43  Probe  
  56  6:48  Probe  
  56  6:52  Stalker  
  59  6:55  Probe  
  59  6:57  Phoenix  
  62  7:08  Photon Cannon  
  62  7:12  Photon Cannon  
  62  7:16  Photon Cannon  
  62  7:18  Pylon  
  62  7:20  Pylon  
  62  7:22  Pylon  
  62  7:23  Pylon  
  62  7:25  Probe  
  62  7:27  Probe  
  62  7:28  Pylon  
  62  7:29  Photon Cannon  
  64  7:32  Phoenix  
  64  7:33  Photon Cannon  
  64  7:36  Photon Cannon  
  66  7:39  Probe  
  64  7:52  Stalker  
  64  7:53  Stalker  
  64  7:54  Stalker  
  64  7:55  Stalker  
  64  7:56  Stalker  
  74  8:01  Phoenix  
  76  8:19  Stalker  
  78  8:20  Stalker x3  
  78  8:21  Stalker  
  78  8:26  Phoenix  
  88  8:28  Photon Cannon  
  88  8:35  Photon Cannon  
  88  8:38  Photon Cannon  
  88  8:40  Probe x2  
  88  8:41  Assimilator  
  90  8:52  Probe  
  90  8:54  Phoenix  
  93  9:06  Stalker x3  
  99  9:10  Stalker  
  101  9:19  Phoenix  
  103  9:30  Pylon  
  103  9:44  Phoenix, Pylon  
  105  9:48  Nexus  
  105  9:52  Stalker  
  105  9:53  Stalker x2  
  111  10:09  Phoenix  
  113  10:25  Zealot x5  
  123  10:34  Phoenix, Photon Cannon  
  125  10:37  Photon Cannon  
  125  10:41  Photon Cannon  
  125  10:49  Pylon  
  125  10:53  Pylon  
  125  10:54  Probe  
  125  10:55  Probe  
  127  10:59  Phoenix  
  127  11:00  Zealot  
  127  11:01  Zealot x2  
  127  11:03  Protoss Shields Level 1 (Chrono Boost)  
  135  11:24  Void Ray  
  139  11:28  Protoss Air Weapons Level 1 (Chrono Boost)  
  139  12:03  Stargate  
  139  12:05  Robotics Facility  
  139  12:06  Assimilator  
  139  12:08  Zealot x3  
  139  12:09  Zealot x2  
  139  12:14  Void Ray  
  153  12:28  Probe  
  153  12:30  Probe  
  153  12:31  Stalker x3  
  153  12:32  Stalker x2  
  165  12:40  Pylon  
  165  12:43  Pylon  
  165  12:46  Pylon  
  165  12:47  Photon Cannon  
  165  12:51  Photon Cannon  
  165  12:53  Photon Cannon  
  165  12:57  Probe  
  165  12:58  Probe  
  165  13:05  Void Ray x2  
  175  13:11  Observer  
  176  13:26  Pylon  
  176  13:28  Nexus  
  176  13:30  Pylon  
  176  13:32  Pylon  
  176  13:37  Stalker x3  
  182  13:48  Void Ray  
  186  13:51  Stalker x2  
  160  14:45  Stalker x5  
Tags
 
Composition
Lurkers
Matchup
PvZ
Opening
Pool First
Add a new tag
Caveats
  • Supply blocks, unpowered buildings, or Contaminate may cause inaccurate times.
  • Supply counts are checked every 10 seconds.